Map: [ESL] Royal Blood

Players

HeroMarine

  • Race: Terran Terran
  • Spawn Location: 7:00

Solar - Winner!

  • Race: Zerg Zerg
  • League: Master
  • Spawn Location: 1:00

Event: HomeStory Cup XXIII

VOD

Have the link to the VOD?

Description

Time

  • Played on: June 30, 2023, 2:43 p.m.
  • Length: 8:34

All games in this series

Show
View Real Time Build Order
Export as new Build Order

HeroMarine Terran 

Build Orders: 2 Factory, Command Center First, Hellion Opening 

Get SALT Encoding   

  12  0:00  SCV  
  13  0:12  SCV  
  14  0:16  Supply Depot  
  14  0:24  SCV  
  15  0:38  SCV  
  16  0:50  SCV  
  17  0:58  Command Center  
  17  1:02  SCV  
  18  1:11  Barracks  
  18  1:15  SCV  
  19  1:21  Refinery  
  19  1:27  SCV  
  19  1:28  Refinery  
  20  1:39  SCV  
  21  1:51  SCV  
  22  1:58  Marine  
  23  2:03  Orbital Command  
  23  2:10  Orbital Command  
  23  2:12  Factory  
  23  2:17  Barracks Reactor  
  23  2:29  SCV  
  24  2:36  Factory  
  24  2:37  SCV  
  24  2:41  SCV  
  26  2:44  Supply Depot  
  26  2:49  SCV  
  27  2:53  SCV  
  28  3:02  SCV, Hellion x2  
  28  3:05  SCV  
  34  3:06  Barracks Tech Lab  
  34  3:09  Factory  
  34  3:14  SCV  
  34  3:17  SCV  
  36  3:22  Supply Depot  
  36  3:23  Hellion  
  36  3:24  Hellion  
  40  3:30  Cyclone  
  40  3:31  SCV  
  40  3:33  SCV  
  45  3:37  Mag-Field Accelerator  
  45  3:43  SCV  
  45  3:45  SCV  
  47  3:50  Supply Depot  
  47  3:51  Hellion  
  47  3:52  Factory Tech Lab  
  49  3:55  SCV  
  49  3:56  Hellion  
  49  3:57  SCV  
  53  4:03  Supply Depot  
  54  4:11  Cyclone  
  54  4:14  Supply Depot  
  54  4:16  Cyclone  
  61  4:19  Hellion  
  61  4:20  SCV  
  62  4:25  Hellion, SCV  
  65  4:32  SCV  
  65  4:37  SCV, Command Center  
  67  4:40  Hellion  
  67  4:44  Cyclone, Refinery  
  72  4:48  Supply Depot  
  72  4:49  SCV x2  
  74  4:54  Cyclone  
  75  5:01  SCV  
  75  5:02  SCV  
  73  5:16  SCV x2  
  73  5:17  Cyclone  
  77  5:21  Hellion x2  
  77  5:28  SCV x2  
  81  5:29  Refinery  
  81  5:30  Cyclone  
  84  5:36  Supply Depot  
  84  5:40  SCV x2  
  86  5:44  Hellion  
  86  5:49  Hellion  
  90  5:50  Hellion  
  90  5:52  SCV x2  
  86  6:02  Cyclone  
  71  6:04  SCV x2  
  71  6:11  Cyclone  
  76  6:12  Hellion x2  
  76  6:16  SCV x2  
  82  6:20  Infernal Pre-Igniter  
  82  6:24  Orbital Command  
  82  6:28  SCV  
  82  6:29  SCV  
  84  6:33  Hellion  
  84  6:34  Factory  
  84  6:35  Factory  
  86  6:40  Cyclone, SCV  
  86  6:41  SCV  
  86  6:43  Hellion, Supply Depot  
  93  6:48  Cyclone  
  93  6:51  SCV  
  93  6:53  SCV x2  
  93  6:54  Refinery  
  99  6:55  Refinery  
  99  7:00  Supply Depot  
  99  7:03  SCV  
  99  7:05  SCV x2  
  99  7:06  Hellion  
  99  7:07  Hellion  
  106  7:12  Supply Depot  
  106  7:14  Supply Depot  
  106  7:15  Cyclone, SCV  
  110  7:17  SCV x2  
  110  7:20  Cyclone  
  110  7:21  Factory Reactor, Factory Tech Lab  
  115  7:25  Armory  
  115  7:27  SCV  
  115  7:28  Hellion x2, Supply Depot  
  120  7:33  SCV x2  
  120  7:35  Engineering Bay  
  122  7:39  SCV  
  122  7:40  Cyclone  
  126  7:47  Cyclone  
  126  7:55  SCV x2  
  126  7:56  SCV  
  126  7:58  Cyclone  
  119  7:59  Hellion x2  
  119  8:00  Hellion  
  119  8:01  Hellion  
  114  8:07  SCV x2  
  114  8:08  SCV  
Show
View Real Time Build Order
Export as new Build Order

Solar Zerg - Winner!

Build Orders: Hatch First 

Get SALT Encoding   

  12  0:00  Drone  
  13  0:12  Overlord  
  13  0:16  Drone  
  14  0:30  Drone x2  
  16  0:47  Hatchery  
  15  0:50  Drone  
  15  0:54  Drone  
  17  0:57  Drone  
  18  1:08  Extractor  
  17  1:12  Spawning Pool  
  17  1:16  Drone  
  17  1:19  Drone  
  18  1:27  Drone  
  19  1:38  Drone  
  20  1:49  Drone  
  21  1:59  Queen x2  
  21  2:00  Drone x2  
  27  2:10  Overlord  
  27  2:11  Drone  
  28  2:19  Hatchery  
  28  2:21  Drone  
  28  2:28  Drone  
  29  2:31  Drone  
  29  2:35  Queen  
  32  2:38  Overlord  
  32  2:42  Metabolic Boost  
  32  2:47  Drone  
  32  2:49  Drone  
  34  2:53  Drone x2  
  34  2:56  Queen  
  38  3:03  Drone  
  38  3:04  Drone  
  40  3:07  Drone x2  
  40  3:10  Overlord  
  42  3:16  Queen  
  44  3:20  Overlord  
  44  3:30  Drone  
  44  3:31  Drone, Roach Warren  
  44  3:34  Extractor  
  44  3:35  Drone  
  44  3:40  Zergling x10  
  50  3:45  Drone x3  
  50  3:46  Drone  
  54  3:50  Overlord  
  54  3:55  Overlord  
  54  3:57  Overlord  
  54  4:13  Roach x2  
  58  4:17  Roach x5  
  58  4:18  Roach  
  58  4:20  Roach  
  72  4:25  Zergling x8  
  72  4:26  Zergling x2  
  72  4:29  Zergling x2  
  72  4:31  Zergling x4  
  80  4:32  Zergling x2  
  80  4:38  Zergling x2  
  80  4:41  Overlord x2  
  80  4:45  Zergling x6  
  84  4:50  Zergling x4  
  86  4:59  Zergling x14  
  93  5:02  Zergling x2  
  90  5:07  Lair, Drone  
  90  5:09  Drone  
  90  5:10  Drone  
  90  5:12  Drone  
  90  5:14  Drone  
  88  5:20  Drone x2  
  79  5:22  Drone  
  79  5:23  Extractor  
  79  5:26  Roach x2  
  79  5:27  Roach  
  79  5:28  Drone  
  82  5:31  Roach  
  82  5:32  Extractor  
  82  5:35  Roach  
  85  5:36  Drone x2  
  85  5:38  Drone  
  85  5:39  Drone  
  85  5:42  Overlord  
  88  5:44  Drone  
  88  5:48  Drone  
  85  5:51  Drone x3  
  83  6:00  Drone x4  
  83  6:01  Queen  
  83  6:04  Drone, Glial Reconstitution  
  88  6:09  Drone x3  
  88  6:10  Overseer  
  91  6:14  Extractor  
  94  6:18  Roach x2  
  94  6:23  Roach x2, Drone x2  
  100  6:31  Roach x2  
  104  6:34  Overlord  
  104  6:40  Overlord x2, Hatchery  
  104  6:41  Overlord  
  104  6:46  Roach  
  105  6:47  Overlord  
  105  6:52  Overlord x2  
  105  6:53  Ravager x3  
  108  6:55  Roach x3  
  108  6:59  Roach x2  
  117  7:04  Roach x3  
  117  7:06  Overlord  
  123  7:09  Roach  
  123  7:10  Roach x2  
  123  7:11  Roach  
  123  7:15  Roach x2  
  135  7:20  Roach x3  
  145  7:22  Roach  
  145  7:23  Roach  
  145  7:26  Roach x2  
  149  7:30  Roach  
  149  7:31  Roach  
  149  7:36  Ravager x2  
  149  7:37  Ravager x2, Overlord  
  157  7:39  Roach x3  
  157  7:41  Roach  
  165  7:47  Roach x2  
  165  7:49  Overlord  
  165  7:51  Overlord  
  163  7:54  Roach x3  
  163  7:56  Roach x2  
  160  8:02  Roach  
  160  8:05  Roach x2  
  159  8:10  Roach  
  159  8:11  Roach x2, Ravager  
  163  8:13  Zergling x6  
Tags
 
Add a new tag
Caveats
  • Supply blocks, unpowered buildings, or Contaminate may cause inaccurate times.
  • Supply counts are checked every 10 seconds.